Map: Abyssal Reef LE

Players

Plokoon

  • Race: Terran Terran
  • League: Master
  • Spawn Location: 11:00

soul - Winner!

  • Race: Zerg Zerg
  • League: Master
  • Spawn Location: 5:00

VOD

Have the link to the VOD?

Description

Time

  • Played on: Nov. 22, 2017, 8:27 a.m.
  • Length: 15:59
Show
View Real Time Build Order
Export as new Build Order

Plokoon Terran 

Build Orders: Reaper Expand, Bio Tank 

Get SALT Encoding   

  12  0:00  SCV  
  13  0:13  SCV  
  14  0:18  Supply Depot  
  14  0:25  SCV  
  15  0:31  Refinery  
  15  0:40  SCV  
  16  0:46  Barracks  
  16  0:52  SCV  
  17  1:04  SCV  
  18  1:16  SCV  
  19  1:33  Orbital Command  
  19  1:34  Reaper  
  20  1:45  Command Center  
  20  1:56  Factory  
  20  2:00  SCV  
  21  2:07  Refinery  
  21  2:09  Barracks Reactor  
  21  2:14  SCV  
  22  2:20  Supply Depot  
  22  2:26  SCV  
  23  2:41  Starport  
  23  2:45  SCV  
  24  2:54  Hellion x2  
  24  2:57  SCV  
  29  2:59  Barracks Tech Lab  
  29  3:03  Orbital Command  
  29  3:11  SCV  
  30  3:17  Hellion x2  
  34  3:23  SCV  
  35  3:30  SCV  
  35  3:33  Barracks Tech Lab  
  36  3:34  Viking  
  36  3:35  SCV  
  38  3:43  SCV  
  38  3:47  Supply Depot, SCV  
  40  3:54  Marine  
  40  3:55  Stimpack, SCV  
  42  4:01  SCV  
  43  4:06  Banshee  
  43  4:09  SCV  
  47  4:13  Barracks  
  47  4:16  SCV  
  48  4:17  Barracks  
  48  4:18  Factory Reactor  
  48  4:23  Marine  
  49  4:25  SCV  
  49  4:28  Supply Depot  
  49  4:30  Refinery  
  50  4:32  SCV  
  50  4:37  SCV  
  52  4:41  Marine  
  52  4:44  SCV  
  52  4:45  Supply Depot  
  55  4:52  SCV  
  55  4:59  Marine, Barracks, SCV  
  57  5:01  Marine x2  
  57  5:02  Barracks  
  57  5:04  Starport Reactor  
  57  5:05  SCV  
  60  5:08  Engineering Bay  
  60  5:11  SCV  
  61  5:14  Marine x2  
  61  5:17  Marine, Supply Depot  
  61  5:19  Marine  
  61  5:20  Siege Tank  
  68  5:23  SCV  
  68  5:24  SCV  
  70  5:32  Supply Depot  
  70  5:39  Marine x2, SCV  
  73  5:43  Marine  
  73  5:44  Marine x2  
  73  5:46  Medivac  
  73  5:48  Barracks Reactor  
  78  5:50  Terran Infantry Weapons Level 1  
  78  5:52  Barracks Reactor  
  78  5:54  Medivac  
  78  5:55  Combat Shields, Siege Tank  
  83  5:57  SCV  
  83  5:58  SCV  
  83  6:03  Supply Depot  
  85  6:09  Marine  
  86  6:19  Marine x4, Medivac, SCV  
  86  6:20  Supply Depot  
  93  6:26  Marine  
  93  6:27  Marine x2  
  96  6:37  Marine x2  
  94  6:45  SCV  
  94  6:46  Marine x5  
  94  6:48  Marine x2  
  96  6:55  Marine x2  
  95  7:04  Marine, Command Center  
  91  7:10  Medivac  
  91  7:11  Marine x3, Medivac  
  91  7:12  Marine x2  
  91  7:13  Marine  
  91  7:14  Marine x2  
  94  7:21  Marine  
  88  7:29  Marine x3  
  90  7:30  Marine x2  
  90  7:31  Marine  
  90  7:32  Marine x2  
  95  7:39  Marine  
  95  7:40  Medivac  
  96  7:46  Marine x2  
  96  7:47  Marine x2  
  96  7:48  Marine x2  
  96  7:49  Marine  
  96  7:50  Marine  
  99  7:53  Siege Tank  
  99  7:57  Marine  
  95  8:04  Marine x3  
  93  8:05  Marine x2  
  93  8:06  Marine  
  93  8:07  Marine x2  
  98  8:15  Marine  
  98  8:22  Marine x3  
  98  8:23  Marine x2  
  98  8:24  Marine  
  98  8:25  Marine x2, Siege Tank  
  99  8:33  Marine  
  92  8:34  Medivac  
  92  8:40  Marine x3, Orbital Command  
  92  8:41  Marine x2  
  97  8:42  Marine  
  97  8:43  Marine x2  
  102  8:50  Marine  
  103  8:57  Siege Tank  
  103  8:58  Marine x3  
  104  9:05  SCV  
  104  9:08  Marine x4  
  104  9:09  Marine x2  
  100  9:15  Marine  
  100  9:16  Marine x2  
  92  9:24  Medivac x2  
  92  9:26  Marine x6  
  92  9:29  Siege Tank  
  101  9:33  Marine x3  
  102  9:44  Marine x6  
  108  9:51  Marine x3  
  111  9:54  Factory  
  111  9:59  Supply Depot  
  111  10:00  Medivac  
  111  10:01  Marine, Supply Depot, Siege Tank  
  111  10:02  Marine x5  
  122  10:09  Marine x3  
  120  10:19  Marine x3  
  120  10:20  Marine x3  
  104  10:27  Marine x3  
  90  10:37  Marine x4  
  90  10:38  Marine x2  
  90  10:39  Siege Tank  
  90  10:40  Factory Tech Lab  
  90  10:41  Terran Infantry Armor Level 1  
  90  10:42  SCV  
  100  10:43  SCV  
  100  10:44  Marine  
  100  10:45  Marine x2  
  104  10:55  Marine x5  
  109  10:58  Marine  
  109  11:00  Siege Tank  
  109  11:01  Medivac x2  
  109  11:02  Marine  
  109  11:03  Marine x2  
  123  11:11  Siege Tank  
  123  11:13  Marine x2  
  95  11:26  Marine x2  
  95  11:29  Marine x2  
  95  11:30  Marine x3  
  95  11:31  Marine  
  95  11:32  Siege Tank  
  104  11:34  Marine  
  103  11:41  Medivac  
  103  11:43  Marine, Siege Tank  
  103  11:44  Marine  
  103  11:45  Armory  
  103  11:46  Engineering Bay  
  110  11:47  Marine x3  
  110  11:48  Marine x3, Refinery  
  110  11:52  Marine  
  110  11:53  Supply Depot  
  117  12:01  Marine x2  
  117  12:04  Siege Tank  
  117  12:05  Marine x2  
  117  12:10  Marine x5  
  117  12:15  Siege Tank  
  107  12:19  Marine x2  
  103  12:24  Marine x2  
  103  12:26  Medivac  
  103  12:28  Liberator  
  101  12:36  Siege Tank  
  90  12:41  Marine x2  
  90  12:43  Marine x2  
  90  12:44  Marine  
  90  12:48  Refinery  
  90  12:49  Refinery  
  90  12:50  SCV  
  94  12:53  SCV x2  
  94  12:55  Barracks  
  94  12:56  Barracks  
  94  12:57  Barracks  
  96  13:00  Command Center  
  96  13:01  Terran Infantry Weapons Level 2  
  96  13:16  Thor  
  102  13:22  Marine x2, Marauder  
  106  13:35  Marine x3  
  106  13:36  Marine  
  110  13:42  Thor  
  110  13:44  Barracks Tech Lab, Marauder  
  110  13:46  Barracks Tech Lab  
  118  13:55  Barracks Tech Lab  
  118  14:02  Marine x2  
  121  14:03  Marine, Marauder  
  121  14:05  Marauder  
  123  14:12  Marine x3, Marauder  
  123  14:14  Marine x2  
  130  14:19  Planetary Fortress  
  130  14:26  Marauder  
  132  14:35  Marine x3, Marauder  
  137  14:44  Marine x2  
  137  14:45  Marauder  
  139  14:47  Marine, Marauder  
  142  14:56  Marine, Marauder  
  145  15:04  Marine x2, Marauder  
  149  15:14  Marine  
  149  15:15  Marine, Marauder  
  150  15:22  Marine x2  
  150  15:23  Marauder, Siege Tank  
Show
View Real Time Build Order
Export as new Build Order

soul Zerg - Winner!

Build Orders: Hatch First 

Get SALT Encoding   

  12  0:00  Drone  
  13  0:12  Overlord  
  13  0:18  Drone  
  14  0:31  Drone x2  
  14  0:35  Drone  
  17  0:52  Hatchery  
  17  0:56  Drone  
  17  1:03  Drone  
  18  1:07  Extractor  
  17  1:15  Spawning Pool  
  16  1:19  Drone  
  16  1:23  Drone  
  18  1:28  Drone  
  19  1:41  Drone  
  20  1:51  Overlord  
  20  2:01  Queen  
  20  2:04  Queen  
  24  2:13  Metabolic Boost  
  24  2:22  Hatchery  
  24  2:26  Drone  
  24  2:29  Zergling x2  
  25  2:32  Zergling x2  
  26  2:39  Drone x2  
  26  2:44  Drone  
  29  2:47  Spore Crawler  
  29  2:50  Drone x2  
  31  2:56  Pneumatized Carapace  
  31  3:01  Drone  
  31  3:04  Drone  
  33  3:09  Drone  
  33  3:11  Drone  
  35  3:14  Overlord  
  35  3:16  Drone  
  36  3:20  Overlord  
  36  3:23  Spore Crawler  
  36  3:32  Queen  
  38  3:34  Drone x4  
  42  3:41  Drone x3  
  42  3:46  Queen  
  47  3:49  Drone  
  47  3:55  Drone x3  
  51  3:59  Queen  
  51  4:02  Overlord  
  53  4:10  Drone  
  53  4:11  Drone x4  
  58  4:29  Overlord x2  
  58  4:37  Evolution Chamber  
  57  4:38  Queen  
  57  4:39  Evolution Chamber, Extractor  
  57  4:42  Overlord  
  57  4:46  Queen x2  
  57  4:48  Drone x3  
  57  4:50  Drone x3  
  57  4:52  Drone  
  68  4:53  Drone x5  
  73  5:01  Overlord x3  
  73  5:08  Zerg Melee Weapons Level 1  
  73  5:13  Zerg Ground Armor Level 1  
  73  5:14  Queen  
  75  5:22  Zergling x2  
  75  5:23  Zergling x6  
  79  5:28  Hatchery, Zergling x2  
  79  5:29  Zergling x8  
  79  5:30  Zergling x2  
  79  5:31  Zergling x2  
  79  5:32  Zergling x2  
  86  5:36  Zergling x4  
  86  5:37  Zergling x2  
  86  5:41  Baneling Nest, Spore Crawler  
  86  5:42  Spore Crawler  
  83  5:45  Spore Crawler  
  83  5:49  Drone x5  
  86  5:57  Drone  
  86  5:58  Drone x5  
  86  6:03  Lair  
  86  6:04  Extractor  
  91  6:07  Extractor  
  90  6:13  Drone x6  
  96  6:20  Drone x2  
  98  6:29  Overlord x5  
  93  6:41  Overlord  
  93  6:42  Drone x5  
  93  6:43  Drone x2  
  96  6:50  Extractor  
  96  6:51  Extractor  
  94  6:57  Drone  
  94  6:58  Drone x7  
  102  7:06  Zergling x8  
  102  7:15  Zergling x6  
  99  7:18  Zergling x4  
  99  7:22  Zergling x6  
  102  7:27  Zergling x2  
  101  7:32  Zergling x6  
  103  7:39  Zerg Ground Armor Level 2, Centrifical Hooks, Zerg Melee Weapons Level 2  
  103  7:40  Infestation Pit  
  103  7:42  Hydralisk Den  
  98  7:44  Zergling x2  
  98  7:45  Zergling x8  
  102  7:51  Zergling x2  
  102  7:52  Zergling x2  
  102  7:56  Queen  
  102  7:58  Zergling x6  
  105  8:04  Zergling x4  
  103  8:07  Baneling x11  
  103  8:09  Zergling x4  
  103  8:11  Queen x2  
  107  8:25  Zergling x18  
  111  8:31  Queen  
  106  8:34  Hive  
  106  8:38  Hydralisk x5  
  106  8:41  Extractor x2  
  114  8:44  Drone x3  
  114  8:45  Drone  
  118  8:48  Queen  
  118  8:50  Zergling x2  
  118  8:51  Zergling x10, Hatchery  
  121  9:00  Zergling x6  
  119  9:03  Zergling x2  
  119  9:08  Muscular Augments  
  120  9:15  Zergling x2  
  120  9:16  Zergling x16, Queen  
  113  9:24  Drone x3  
  113  9:25  Hatchery  
  113  9:27  Zergling x8  
  113  9:28  Hydralisk  
  113  9:31  Hydralisk  
  114  9:36  Queen x2  
  113  9:39  Baneling  
  113  9:42  Baneling  
  113  9:43  Baneling x13  
  111  9:46  Hydralisk x3  
  111  9:52  Queen  
  119  9:59  Zergling x2  
  120  10:00  Zergling x20  
  125  10:07  Ultralisk Cavern  
  125  10:11  Zergling x2  
  118  10:15  Zergling x4  
  118  10:16  Zergling x2  
  118  10:17  Zergling x14  
  118  10:22  Zergling x2  
  118  10:23  Zergling x2  
  118  10:24  Zergling x2  
  116  10:31  Adrenal Glands  
  116  10:33  Zerg Ground Armor Level 3  
  113  10:37  Zergling x8  
  113  10:42  Baneling x10  
  115  10:43  Baneling  
  115  10:48  Drone x3  
  115  10:49  Drone x2  
  120  10:53  Drone x4  
  124  10:58  Drone x4  
  124  11:02  Hydralisk x2  
  132  11:05  Baneling x5  
  132  11:10  Chitinous Plating  
  129  11:20  Ultralisk, Zergling x4  
  129  11:21  Zergling x6  
  129  11:24  Zergling x2  
  129  11:28  Zergling x14  
  130  11:36  Zergling x6  
  130  11:37  Zergling x10  
  138  11:45  Zerg Melee Weapons Level 3  
  138  11:46  Spire  
  137  11:53  Zergling x14  
  144  11:57  Ultralisk  
  150  12:05  Ultralisk  
  142  12:14  Zergling x2  
  134  12:20  Zergling x2  
  134  12:21  Ultralisk  
  135  12:24  Zergling x2  
  135  12:26  Zergling x8  
  135  12:27  Zergling x18  
  135  12:28  Zergling x6  
  141  12:40  Ultralisk x2  
  153  13:03  Greater Spire  
  153  13:04  Ultralisk  
  153  13:05  Ultralisk x2  
  171  13:06  Overlord x5  
  171  13:08  Overseer  
  171  13:19  Baneling  
  171  13:20  Baneling  
  171  13:21  Baneling x10  
  171  13:25  Hatchery  
  170  13:36  Ultralisk x2  
  182  13:44  Infestor, Overlord, Burrow  
  182  13:45  Infestor x2  
  182  13:47  Infestor  
  190  13:56  Zergling x2  
  190  14:05  Corruptor x5  
  197  14:11  Drone x3  
  197  14:26  Corruptor  
  196  14:44  Corruptor x2  
  199  14:55  Spore Crawler  
  199  14:59  Spine Crawler  
  196  15:00  Spine Crawler  
  196  15:06  Spore Crawler  
  192  15:12  Brood Lord x3  
Tags
 
Add a new tag
Caveats
  • Supply blocks, unpowered buildings, or Contaminate may cause inaccurate times.
  • Supply counts are checked every 10 seconds.